 Dungeon Crawl Stone Soup version 0.32-a0-391-gce5c0aab1b (webtiles) character file.

Game seed: 14133547793029857403

40 ezpacito the Chopper (level 3, -14/27 HPs)
             Began as a Demonspawn Gladiator on Feb 19, 2024.
             Demolished by Terence
             ... wielding a +2 falchion of distortion
              (15 damage)
             ... on level 2 of the Dungeon.
             The game lasted 00:01:19 (1476 turns).

ezpacito the Chopper (Demonspawn Gladiator)         Turns: 1476, Time: 00:01:20

Health: -14/27     AC:  4    Str: 21    XL:     3   Next: 30%
Magic:  12/12      EV: 12    Int:  8    God:
Gold:   70         SH:  0    Dex: 14    Spells: 3/3 levels left

rFire   . . .        a - +0 war axe
rCold   . . .        (no shield)
rNeg    . . .        b - +0 leather armour
rPois   .            c - +0 helmet
rElec   +            (no cloak)
rCorr   .            (no gloves)
SInv    .            (no boots)
Will    .....        f - amulet of the acrobat
Stlth   ++           p - ring "Oboggieke" {*Slow rElec MP+9 Str+5 Stlth+}
HPRegen 0.24/turn    (no ring)
MPRegen 0.13/turn

%: slow self (1%), acrobat
@: hasted, very quick
A: demonic magic 1, demonic touch 1
a: no special abilities


You were on level 2 of the Dungeon.
You visited 1 branch of the dungeon, and saw 2 of its levels.

You collected 70 gold pieces.

Inventory:

Hand Weapons
 a - a +0 war axe (weapon)
Missiles
 d - 3 throwing nets (quivered)
 e - a javelin
Armour
 b - a +0 leather armour (worn)
 c - a +0 helmet (worn)
 m - a +0 chain mail
Jewellery
 f - an amulet of the acrobat (around neck)
 p - the ring "Oboggieke" (left hand) {*Slow rElec MP+9 Str+5 Stlth+}
   (You found it on level 2 of the Dungeon)

   [ring of magical power]

   Str+5:     It affects your strength (+5).
   rElec:     It insulates you from electricity.
   MP+9:      It affects your magic capacity (+9).
   *Slow:     It may slow you when you take damage.
   Stlth+:    It makes you more stealthy.
Scrolls
 g - a scroll of enchant weapon {unknown}
 h - 2 scrolls of identify {unknown}
 k - a scroll of torment {unknown}
 l - a scroll of teleportation {unknown}
Potions
 j - a potion of haste
 n - a potion of invisibility {unknown}
 o - a potion of heal wounds {unknown}


   Skills:
 * Level 2.2 Fighting
 * Level 3.0 Axes
 * Level 1.9 Throwing
 * Level 0.5 Armour
 + Level 3.0 Dodging
 * Level 0.7 Stealth
 * Level 0.3 Unarmed Combat
 * Level 0.6 Spellcasting


You had 3 spell levels left.
You didn't know any spells.
Your spell library was empty.

Dungeon Overview and Level Annotations

Branches:
Dungeon (2/15)

Altars:

Annotations:
D:2 Terence


Innate Abilities, Weirdness & Mutations

Spells you cast may paralyse adjacent enemies.
Your touch may inflict minor irresistible damage on your foes.


Message History

The ball python constricts you.
You hit the ball python.
You kill the ball python!
No target in view!
No target in view!
No target in view!
No target in view!
No target in view!
No target in view!
HP restored.
Found a club.
You enter the shallow water.
Moving in this stuff is going to be slow.
Found a flail.
You see here a +0 flail.
Terence the Incautious comes into view.
He is wielding a +2 falchion of distortion.
Found a scroll labelled EDOSULL YBEO.
Okay, then.
The helpless Terence fails to defend himself.
You hit Terence but do no damage.
You touch Terence.
Terence is moderately wounded.
Terence closely misses you.
You hit Terence but do no damage.
Terence is moderately wounded.
Terence hits you with a +2 falchion of distortion.
Space warps around you.
Terence hits you with a +2 falchion of distortion.
Space warps horribly around you!
* * * LOW HITPOINT WARNING * * *
It was a potion of haste.
You feel yourself speed up. Terence closely misses you.
It was a potion of curing.
You feel better.
You hit Terence.
Terence is heavily wounded.
Terence hits you with a +2 falchion of distortion!
* * * LOW HITPOINT WARNING * * *
Space warps horribly around you!
Ouch! That really hurt!
You die...
Terence says, "That felt goooood."

#. #. #. #.
#. #.
#@########
#?@....#..
######.#.#
#.#.# #.#.#
#.#.#
#.#.#########
#.#..........
#.#..########
#.#..)..#


You could see Terence.

Vanquished Creatures
  A dart slug (D:1)
  2 ball pythons
  2 endoplasms (D:1)
  2 giant cockroaches
  2 goblins (D:1)
  3 hobgoblins (D:1)
  3 bats (D:1)
  A kobold (D:1)
  5 rats (D:1)
21 creatures vanquished.

Notes
Turn   | Place    | Note
-------+----------+-------------------------------------------
     0 | D:1      | ezpacito the Demonspawn Gladiator began the quest for the
                  | Orb.
     0 | D:1      | Reached XP level 1. HP: 16/16 MP: 1/1
   234 | D:1      | Gained mutation: Your touch may inflict minor irresistible
                  | damage on your foes. [demonic ancestry]
   234 | D:1      | Reached XP level 2. HP: 22/22 MP: 2/2
   456 | D:1      | Gained mutation: Spells you cast may paralyse adjacent
                  | enemies. [demonic ancestry]
   456 | D:1      | Reached XP level 3. HP: 27/27 MP: 3/3
  1262 | D:2      | Identified the ring "Oboggieke" {*Slow rElec MP+9 Str+5
                  | Stlth+}
  1467 | D:2      | Noticed Terence
  1476 | D:2      | HP: 1/27 [Terence/+2 falchion of distortion (8)]
  1476 | D:2      | Demolished by Terence

Illustrated notes

Levels and vault maps discovered:
D:1:      ncdulo_smallfort, layout_loops_corners, serial_forest,
          infiniplex_forest_zigzag_1, infiniplex_forest_clump_large,
          infiniplex_forest_straight_2, infiniplex_forest_join,
          infiniplex_forest_end_2
D:2:      layout_loops_ring, serial_rivers, chequers_serial_rivers_small_b,
          chequers_serial_rivers_micro_b, chequers_serial_rivers_micro_d,
          chequers_serial_rivers_micro_c, chequers_serial_rivers_micro_d,
          ebering_ecumenical_altar_petrified, uniq_robin, uniq_terence

Skill      XL: |  1  2  3 |
---------------+----------+-----
Axes           | 3 |  3.0
Dodging        | 3 |  3.0
Fighting       | |  2.2
Throwing       | |  1.9
Armour         | |  0.5
Stealth        | |  0.7
Unarmed Combat | |  0.3
Spellcasting   | |  0.6

Action                     || total
---------------------------++-------
  Melee: War axe           ||    41
         Touch             ||     6
    Use: Potion            ||     2
   Stab: Sleeping          ||     2
 Armour: Leather armour    ||    18
  Dodge: Dodged            ||    26

Table legend: (Time is in decaauts)
 A = Elapsed time spent in this place.
 B = Non-inter-level travel time spent in this place.
 C = Inter-level travel time spent in this place.
 D = Time resting spent in this place.
 E = Time spent auto-exploring this place.
 F = Levels seen in this place.
 G = Mean time per level.
                   A        B        C        D        E       F      G
               +--------+--------+--------+--------+--------+-----+--------+
         Total |   1490 |   1376 |    114 |      0 |   1219 |   2 |  745.0 |
       Dungeon |   1490 |   1376 |    114 |      0 |   1219 |   2 |  745.0 |
               +--------+--------+--------+--------+--------+-----+--------+

Top non-repeatable levels by time:
     D:1: 1177 daAuts
     D:2: 312 daAuts
